 Dungeon Crawl Stone Soup version 0.31.0-1-g2c135a008e (webtiles) character file.

Game seed: 4142260182751728264

14927 qw the Skirmisher (level 12, -30/77 HPs)
             Began as a Djinni Hunter on Jan 23, 2024.
             Was a High Priest of Okawaru.
             Killed from afar by Jorgrun (41 damage)
             ... with a blast of rock fragments
             ... on level 12 of the Dungeon.
             The game lasted 00:01:13 (9401 turns).

qw the Skirmisher (Djinni Hunter)                   Turns: 9401, Time: 00:01:14

Health: -30/77     AC:  8    Str: 15    XL:     12   Next: 51%
Gold:   315        EV: 20    Int: 14    God:    Okawaru [*****.] SH:  0 Dex: 22

rFire   + + .        s - +1 arbalest
rCold   x . .        (shield currently unavailable)
rNeg    . . .        c - +0 troll leather armour
rPois   inf          j - +2 helmet
rElec   .            f - +1 cloak
rCorr   .            (no gloves)
SInv    .            (boots unavailable)
Will    +....        (no amulet)
Stlth   ++           r - +5 ring of evasion
HPRegen 1.12/turn    p - +6 ring of strength
MPRegen 0.00/turn

%: infuse magic (-31 HP)
@: about to teleport, grasped by roots, flying, constricted
A: sickness immunity, fire resistance 2, cold vulnerability 1, float, innate
caster, HP casting, extra vitality 1, clever 1, frail 1, evolution 1, noise
suppression
a: Renounce Religion, Heroism, Finesse, Duel


You were on level 12 of the Dungeon.
You worshipped Okawaru.
Okawaru was extremely pleased with you.
You visited 2 branches of the dungeon, and saw 13 of its levels.

You collected 610 gold pieces.
You spent 295 gold pieces at shops.


Innate Abilities, Weirdness & Mutations

You are immune to sickness and miasma.
You are immune to poison.
Your flesh is very heat resistant. (rF++)
You are vulnerable to cold. (rC-)
You float through the air rather than walking.
You learn spells naturally, not from books.
Your magical power is your life essence.
You have superior vitality. (+4 MHP)
Your mind is acute. (Int +4, Str/Dex -1)
You are frail. (-10% HP)
You have hidden genetic potential.
You passively dampen the noise of your surroundings.


   Skills:
 + Level 8.0 Fighting
 - Level 11.0 Ranged Weapons
 - Level 3.0 Armour
 - Level 9.2 Dodging
 - Level 0.7 Stealth
 + Level 9.8 Invocations


You knew the following spells:

 Your Spells              Type           Power      Damage    Failure   Level
a - Kiss of Death         Conj/Necr      0%         2d5       34%         1
b - Momentum Strike       Conj/Tloc      0%         3d8       47%         2
c - Swiftness             Air            0%         N/A       71%         3
d - Airstrike             Air            0%         2d(0-16)  98%         4
e - Ignite Poison         Fire/Alch      0%         N/A       98%         4
Your spell library was empty.

Inventory:

Hand Weapons
 s - a +1 arbalest (weapon)
Armour
 c - a +0 troll leather armour (worn)
 f - a +1 cloak (worn)
 j - a +2 helmet (worn)
Jewellery
 p - a +6 ring of strength (right hand)
 r - a +5 ring of evasion (left hand)
 Y - a ring of protection from fire
Wands
 a - a wand of mindburst (9)
 g - a wand of polymorph (1)
 o - a wand of roots (24)
Scrolls
 d - 2 scrolls of teleportation
Potions
 h - 3 potions of curing
 l - a potion of cancellation {unknown}
 n - a potion of might
 q - a potion of enlightenment {unknown}

Dungeon Overview and Level Annotations

Branches:
Dungeon (11/15)            Temple (1/1) D:6            Lair (0/5) D:10
    Orc: D:9-12

Altars:
Ashenzari
Cheibriados
Dithmenos
Elyvilon
Fedhas
Gozag
Hepliaklqana
Makhleb
Nemelex Xobeh
Okawaru
Qazlal
Trog
Uskayaw
Wu Jian
Xom
Yredelemnul
Zin
The Shining One

Shops:
D:2 [   D:6 !   D:8 (

Annotations:
D:9 exclusion: moth of wrath
D:12 Jorgrun


Message History

Jorgrun shouts!
Jorgrun moves out of view.
You hear a grinding noise.
You hear a grinding noise.
You hear a grinding noise.
You hear a grinding noise.
Jorgrun points next to you and mumbles some strange words.
The wall shatters!
The blast of rock fragments hits you!!
You shoot a bolt.
The bolt hits Jorgrun but does no damage.
Jorgrun casts a spell at the rock wall.
You hear a grinding noise.
You shoot a bolt. The bolt hits Jorgrun!!
Jorgrun is moderately wounded.
You start resting.
Some rock shatters into small pieces.
You shoot a bolt. The bolt hits Jorgrun!!
Jorgrun is heavily wounded.
Jorgrun gestures next to you while chanting.
The wall shatters!
The blast of rock fragments hits you!!!
Ouch! That really hurt!
You shoot a bolt. The bolt hits Jorgrun!
Jorgrun is heavily wounded.
Jorgrun says, "Tha earth be me home, an' ye be trespassing!"
You shoot a bolt. The bolt hits Jorgrun!!
Jorgrun is severely wounded.
Jorgrun points at you and mumbles some strange words.
Roots burst forth from the earth!
The grasping roots grab you! The grasping roots constrict you.
You shoot a bolt. The bolt closely misses Jorgrun.
Jorgrun hits you with a +0 heavy quarterstaff!
The grasping roots constrict you.
9401 ||| READING 3 scrolls of teleportation.
As you read the scroll of teleportation, it crumbles to dust.
You feel strangely unstable.
Jorgrun points next to you and mumbles some strange words.
The wall shatters!
The blast of rock fragments hits you!!!
Ouch! That really hurt!
You die...

.# ... ......##
....### .......#
..... ........
##..###### .......
.###..g@....# ......
#......#...###
#...###..##..###.#
####..#..##..##..#.#
#..#...##..##..##..#
......#..#...##..###
.......##......###
.......####...##
........# ####


You could see Jorgrun.

Vanquished Creatures
  5 two-headed ogres
  Maurice (D:7)
  A kobold demonologist (D:10)
  6 trolls
  Grinder (D:6)
  6 hornets
  Prince Ribbit (D:6)
  A vampire (D:9)
  2 shadows
  A wyvern (D:8)
  2 wraiths
  14 yaks
  2 steam dragons
  Menkaure (D:5)
  2 water moccasins (D:7)
  2 acid dragons (D:9)
  9 orc warriors
  A black bear (D:8)
  A sky beast (D:7)
  An ogre (D:7)
  4 wolves (D:10)
  5 centaurs
  Blork the orc (D:6)
  3 bullfrogs
  6 kobold brigands
  4 scorpions
  8 wights
  15 killer bees
  An electric eel (D:10)
  A lava snake (D:10)
  A jelly (D:6)
  4 bombardier beetles
  4 orc priests
  5 hounds
  A gnoll bouda (D:9)
  A sleepcap (D:7)
  An iguana (D:6)
  7 orc wizards
  Robin (D:2)
  8 gnolls
  7 adders
  A shadow imp (D:7)
  2 white imps
  3 dart slugs
  4 ribbon worms
  25 orcs
  7 ball pythons
  3 bats
  6 endoplasms
  5 giant cockroaches
  6 hobgoblins
  3 jackals (D:1)
  30 kobolds
  2 quokkas (D:1)
  5 frilled lizards (D:1)
  8 goblins
  8 rats
266 creatures vanquished.

Vanquished Creatures (others)
  A shadow (D:9)
  A yak (D:10)
  An orc priest (D:10)
3 creatures vanquished.

Grand Total: 269 creatures vanquished

Notes
Turn   | Place    | Note
-------+----------+-------------------------------------------
     0 | D:1      | qw the Djinni Hunter began the quest for the Orb.
     0 | D:1      | Reached XP level 1. HP: 18/18 MP: 0/0
     0 | D:1      | 0 ||| qw: Version: 0.3-a-134-g2ba4250
     0 | D:1      | 0 ||| qw: Game counter: 667
     0 | D:1      | 0 ||| qw: Melee chars always use a shield: true
     0 | D:1      | 0 ||| qw: God list: Okawaru
     0 | D:1      | 0 ||| qw: Allow faded altars: false
     0 | D:1      | 0 ||| qw: Do Orc after clearing Dungeon:15 true
     0 | D:1      | 0 ||| qw: Do second Lair branch before Depths: true
     0 | D:1      | 0 ||| qw: Lair rune preference: random
     0 | D:1      | 0 ||| qw: Goals: Normal
     0 | D:1      | 0 ||| PLANNING D:1-11
    86 | D:1      | Reached XP level 2. HP: 23/23 MP: 0/0
   567 | D:1      | Reached skill level 4 in Ranged Weapons
   567 | D:1      | Reached XP level 3. HP: 18/28 MP: 0/0
   567 | D:1      | Learned a level 1 spell: Kiss of Death
   844 | D:1      | 844 ||| UPGRADING to +0 cloak.
   849 | D:1      | 849 ||| READING scroll labelled CADIHO BEKH.
   852 | D:1      | 852 ||| READING scroll labelled DOUMMAK VAYFU.
   853 | D:1      | 853 ||| DROPPING scroll of butterflies.
   889 | D:2      | 889 ||| DROPPING +0 heavy sling.
   894 | D:2      | Found Uzosidd's Armour Shop.
   897 | D:2      | 897 ||| SHOPLISTING +0 ring mail (56 gold, have 29).
   897 | D:2      | 897 ||| SHOPLISTING +0 robe "Utopoy" {rC+} (205 gold, have
                  | 29).
   897 | D:2      | 897 ||| SHOPLISTING +4 ring mail of positive energy (392
                  | gold, have 29).
   929 | D:2      | Noticed Robin
   936 | D:2      | 936 ||| RETREEEEATING.
   952 | D:2      | Killed Robin
   955 | D:2      | 955 ||| FLEEEEING.
   956 | D:2      | 956 ||| FLEEEEING.
   957 | D:2      | 957 ||| FLEEEEING.
   958 | D:2      | 958 ||| FLEEEEING.
   959 | D:2      | 959 ||| FLEEEEING.
   960 | D:2      | 960 ||| FLEEEEING.
   961 | D:2      | 961 ||| FLEEEEING.
   962 | D:2      | 962 ||| FLEEEEING.
   963 | D:2      | 963 ||| FLEEEEING.
   964 | D:2      | 964 ||| FLEEEEING.
   965 | D:2      | 965 ||| FLEEEEING.
   966 | D:2      | 966 ||| FLEEEEING.
   967 | D:2      | 967 ||| FLEEEEING.
   968 | D:2      | 968 ||| FLEEEEING.
   969 | D:2      | 969 ||| FLEEEEING.
   970 | D:2      | 970 ||| FLEEEEING.
   971 | D:2      | 971 ||| FLEEEEING.
   972 | D:2      | 972 ||| FLEEEEING.
   973 | D:2      | 973 ||| FLEEEEING.
   974 | D:2      | 974 ||| FLEEEEING.
   975 | D:2      | 975 ||| FLEEEEING.
   976 | D:2      | 976 ||| FLEEEEING.
   977 | D:2      | 977 ||| FLEEEEING.
   978 | D:2      | 978 ||| STAIRDANCE
   992 | D:1      | 992 ||| READING scroll labelled TIMOTI BYCKA.
   995 | D:2      | 995 ||| STAIRDANCE
  1028 | D:2      | Reached skill level 3 in Fighting
  1028 | D:2      | Reached XP level 4. HP: 35/35 MP: 0/0
  1232 | D:2      | Found a faded altar of an unknown god.
  1430 | D:2      | Reached skill level 3 in Dodging
  1759 | D:2      | 1759 ||| UPGRADING to +0 ring mail.
  1769 | D:2      | 1769 ||| DROPPING +0 leather armour.
  1770 | D:2      | 1770 ||| UPGRADING to +0 helmet.
  1775 | D:2      | 1775 ||| READING scroll labelled HIPPU NOOMOOWK.
  1775 | D:2      | 1775 ||| ENCHANTING +0 shortbow.
  1776 | D:2      | 1776 ||| DRINKING 3 lumpy yellow potions.
  1777 | D:2      | 1777 ||| DROPPING 2 potions of degeneration.
  2182 | D:3      | Reached XP level 5. HP: 40/40 MP: 0/0
  2182 | D:3      | Learned a level 2 spell: Momentum Strike
  2231 | D:3      | Reached skill level 1 in Armour
  2581 | D:3      | 2581 ||| UPGRADING to +6 ring of strength.
  2582 | D:3      | 2582 ||| READING scroll labelled KIYHIU JEULO.
  2583 | D:3      | 2583 ||| READING scroll labelled WESI KAOMUTT.
  2583 | D:3      | 2583 ||| BRANDING +1 shortbow.
  2584 | D:3      | 2584 ||| READING scroll labelled POXTUKLOFAM.
  2584 | D:3      | 2584 ||| IDENTIFYING 2 metallic white potions
  2585 | D:3      | 2585 ||| DRINKING 2 purple potions.
  3340 | D:4      | 3340 ||| DROPPING ring of wizardry.
  3341 | D:4      | 3341 ||| UPGRADING to ring of protection from fire.
  3342 | D:4      | 3342 ||| READING scroll labelled BIOSIOXITU.
  3443 | D:4      | 3443 ||| READING scroll labelled VORPHA XAYKK.
  3444 | D:4      | 3444 ||| READING scroll labelled ALACWU EMNO.
  3444 | D:4      | 3444 ||| ENCHANTING +0 helmet.
  3445 | D:4      | 3445 ||| DRINKING 2 fizzy blue potions.
  3445 | D:4      | Gained mutation: Your skin changes colour to match your
                  | surroundings (Stealth+). [potion of mutation]
  3445 | D:4      | Gained mutation: You are partially covered in iridescent
                  | scales. (AC +2) [potion of mutation]
  3446 | D:4      | 3446 ||| DRINKING potion of mutation.
  3446 | D:4      | Lost mutation: You are partially covered in iridescent
                  | scales. (AC +2) [potion of mutation]
  3446 | D:4      | Lost mutation: Your skin changes colour to match your
                  | surroundings (Stealth+). [potion of mutation]
  3446 | D:4      | Gained mutation: Your muscles are strong. (Str +4, Int/Dex
                  | -1) [potion of mutation]
  3446 | D:4      | Gained mutation: Potions are less effective at restoring
                  | your health. [potion of mutation]
  3446 | D:4      | Gained mutation: You are partially covered in large bone
                  | plates. (SH +4) [potion of mutation]
  3447 | D:4      | 3447 ||| DRINKING 2 bubbling grey potions.
  3465 | D:5      | Entered Level 5 of the Dungeon
  3552 | D:5      | 3552 ||| FLEEEEING.
  3553 | D:5      | 3553 ||| FLEEEEING.
  3554 | D:5      | 3554 ||| FLEEEEING.
  3555 | D:5      | 3555 ||| FLEEEEING.
  3556 | D:5      | 3556 ||| FLEEEEING.
  3557 | D:5      | 3557 ||| FLEEEEING.
  3558 | D:5      | 3558 ||| FLEEEEING.
  3559 | D:5      | 3559 ||| FLEEEEING.
  3560 | D:5      | 3560 ||| FLEEEEING.
  3561 | D:5      | 3561 ||| FLEEEEING.
  3562 | D:5      | 3562 ||| FLEEEEING.
  3563 | D:5      | 3563 ||| FLEEEEING.
  3564 | D:5      | 3564 ||| STAIRDANCE
  3650 | D:4      | 3650 ||| READING scroll labelled USUCIE CANEORA.
  3653 | D:5      | 3653 ||| STAIRDANCE
  3677 | D:5      | 3677 ||| STAIRDANCE
  3687 | D:4      | Reached XP level 6. HP: 46/46 MP: 0/0
  3689 | D:5      | 3689 ||| STAIRDANCE
  3696 | D:5      | 3696 ||| STAIRDANCE
  3743 | D:5      | Reached skill level 5 in Ranged Weapons
  3803 | D:5      | Noticed Menkaure
  3815 | D:5      | 3815 ||| ZAPPING wand of flame (12) at 6,2 (Menkaure;
                  | floor).
  3816 | D:5      | 3816 ||| ZAPPING wand of flame (11) at 6,2 (Menkaure;
                  | floor).
  3817 | D:5      | 3817 ||| ZAPPING wand of flame (10) at 5,1 (Menkaure;
                  | floor).
  3818 | D:5      | 3818 ||| ZAPPING wand of flame (9) at 5,1 (Menkaure;
                  | floor).
  3818 | D:5      | Killed Menkaure
  3819 | D:5      | Reached XP level 7. HP: 41/53 MP: 0/0
  3819 | D:5      | Learned a level 3 spell: Swiftness
  3865 | D:5      | Found a basalt altar of Yredelemnul.
  4547 | D:5      | 4547 ||| DROPPING scarf of harm.
  4570 | D:6      | Found Ufi Ybillac's Distillery.
  4574 | D:6      | 4574 ||| BUYING potion of curing (39 gold).
  4574 | D:6      | Bought a potion of curing for 39 gold pieces
  4574 | D:6      | 4574 ||| BUYING potion of heal wounds (65 gold).
  4574 | D:6      | Bought a potion of heal wounds for 65 gold pieces
  4574 | D:6      | 4574 ||| BUYING potion of heal wounds (65 gold).
  4574 | D:6      | Bought a potion of heal wounds for 65 gold pieces
  4574 | D:6      | 4574 ||| SHOPLISTING potion of might (52 gold, have 4).
  4574 | D:6      | 4574 ||| SHOPLISTING potion of mutation (104 gold, have 4).
  4582 | D:6      | Noticed Blork the orc
  4592 | D:6      | Killed Blork the orc
  4593 | D:6      | 4593 ||| FLEEEEING.
  4594 | D:6      | 4594 ||| FLEEEEING.
  4625 | D:6      | Reached skill level 6 in Ranged Weapons
  4626 | D:6      | Found a hide-covered altar of Uskayaw.
  4646 | D:6      | Reached XP level 8. HP: 37/58 MP: 0/0
  4695 | D:6      | 4695 ||| FLEEEEING.
  4696 | D:6      | 4696 ||| FLEEEEING.
  4760 | D:6      | Found a staircase to the Ecumenical Temple.
  4762 | D:6      | 4762 ||| PLANNING TEMPLE
  4765 | D:6      | Noticed Grinder
  4766 | D:6      | 4766 ||| FLEEEEING.
  4767 | D:6      | 4767 ||| FLEEEEING.
  4768 | D:6      | 4768 ||| FLEEEEING.
  4769 | D:6      | 4769 ||| FLEEEEING.
  4770 | D:6      | 4770 ||| FLEEEEING.
  4775 | D:6      | 4775 ||| FLEEEEING.
  4777 | D:6      | 4777 ||| ZAPPING wand of flame (8) at -4,-1 (Grinder;
                  | floor).
  4778 | D:6      | 4778 ||| ZAPPING wand of flame (7) at -3,0 (Grinder;
                  | floor).
  4779 | D:6      | 4779 ||| ZAPPING wand of flame (6) at -3,0 (Grinder;
                  | floor).
  4780 | D:6      | 4780 ||| ZAPPING wand of flame (5) at -2,0 (Grinder;
                  | floor).
  4781 | D:6      | 4781 ||| ZAPPING wand of flame (4) at -2,0 (Grinder;
                  | floor).
  4782 | D:6      | 4782 ||| ZAPPING wand of flame (3) at -1,0 (Grinder;
                  | floor).
  4782 | D:6      | Paralysed by Grinder for 2 turns
  4784 | D:6      | 4784 ||| ZAPPING wand of flame (2) at -1,0 (Grinder;
                  | floor).
  4785 | D:6      | 4785 ||| ZAPPING wand of flame (1) at -1,0 (Grinder;
                  | floor).
  4787 | D:6      | 4787 ||| FLEEEEING.
  4788 | D:6      | 4788 ||| FLEEEEING.
  4789 | D:6      | 4789 ||| FLEEEEING.
  4790 | D:6      | 4790 ||| FLEEEEING.
  4790 | D:6      | Paralysed by Grinder for 2 turns
  4792 | D:6      | 4792 ||| ZAPPING wand of paralysis (4) at -3,4 (Grinder;
                  | floor).
  4793 | D:6      | 4793 ||| ZAPPING wand of paralysis (3) at -2,3 (Grinder;
                  | floor).
  4798 | D:6      | Killed Grinder
  4855 | Temple   | Entered the Ecumenical Temple
  4856 | Temple   | 4856 ||| PLANNING D:1-11
  4871 | D:6      | 4871 ||| READING scroll of brand weapon.
  4871 | D:6      | 4871 ||| BRANDING +1 shortbow of draining.
  4926 | D:6      | 4926 ||| RETREEEEATING.
  4927 | D:6      | 4927 ||| RETREEEEATING.
  4929 | D:6      | Noticed Prince Ribbit
  4934 | D:6      | 4934 ||| ZAPPING wand of paralysis (2) at 0,-1 (Prince
                  | Ribbit; floor).
  4935 | D:6      | 4935 ||| ZAPPING wand of paralysis (1) at 0,-1 (Prince
                  | Ribbit; floor).
  4940 | D:6      | Killed Prince Ribbit
  4941 | D:6      | Reached skill level 7 in Ranged Weapons
  5018 | D:6      | Reached XP level 9. HP: 65/65 MP: 0/0
  5018 | D:6      | Learned a level 4 spell: Airstrike
  5133 | D:6      | 5133 ||| READING scroll of enchant armour.
  5133 | D:6      | 5133 ||| ENCHANTING +1 helmet.
  5349 | D:6      | Found an opulent altar of Gozag.
  5352 | D:6      | Found an iron altar of Okawaru.
  5353 | D:6      | 5353 ||| PLANNING OKAWARU WORSHIP
  5353 | D:6      | 5353 ||| READING scroll of identify.
  5353 | D:6      | 5353 ||| IDENTIFYING fuming emerald potion
  5354 | D:6      | 5354 ||| DRINKING 3 coppery potions.
  5355 | D:6      | 5355 ||| DROPPING potion of magic.
  5358 | D:6      | Became a worshipper of Warmaster Okawaru
  5359 | D:6      | 5359 ||| PLANNING D:1-11
  5612 | D:7      | Reached skill level 8 in Ranged Weapons
  5642 | D:7      | Reached skill level 6 in Dodging
  5736 | D:7      | 5736 ||| DRINKING 2 potions of haste.
  5745 | D:7      | Reached * piety under Okawaru
  5757 | D:7      | Reached skill level 6 in Fighting
  5786 | D:7      | Found a burning altar of Makhleb.
  5869 | D:7      | Reached skill level 1 in Invocations
  6021 | D:7      | Noticed a troll
  6022 | D:7      | 6022 ||| DRINKING potion of haste.
  6030 | D:7      | Killed a troll
  6032 | D:7      | 6032 ||| FLEEEEING.
  6146 | D:7      | Noticed Maurice
  6150 | D:7      | Maurice stole 159 gold
  6151 | D:7      | Killed Maurice
  6151 | D:7      | Reached ** piety under Okawaru
  6152 | D:7      | Reached skill level 3 in Invocations
  6152 | D:7      | Reached XP level 10. HP: 51/72 MP: 0/0
  6289 | D:7      | 6289 ||| FLEEEEING.
  6295 | D:7      | Reached skill level 9 in Ranged Weapons
  6300 | D:7      | Reached skill level 3 in Armour
  6569 | D:7      | 6569 ||| UPGRADING to +0 troll leather armour.
  6579 | D:7      | 6579 ||| DROPPING +0 ring mail.
  6580 | D:7      | 6580 ||| DRINKING 3 lumpy blue potions.
  6581 | D:7      | 6581 ||| DRINKING 3 potions of curing.
  6581 | D:7      | 6581 ||| (to cure confusion)
  6582 | D:7      | 6582 ||| DROPPING 2 potions of ambrosia.
  6658 | D:8      | 6658 ||| SWAPPING to +0 orcbow.
  6659 | D:8      | 6659 ||| DROPPING +1 heavy shortbow.
  6733 | D:8      | 6733 ||| READING scroll of enchant armour.
  6733 | D:8      | 6733 ||| ENCHANTING +0 cloak.
  6909 | D:8      | 6909 ||| ZAPPING wand of quicksilver (13) at -1,-1 (black
                  | bear; floor).
  7174 | D:8      | 7174 ||| DRINKING 2 potions of curing.
  7174 | D:8      | 7174 ||| (to cure confusion)
  7188 | D:8      | HP: 11/73 [orc warrior/+0 long sword (11)]
  7189 | D:8      | 7189 ||| READING 3 scrolls of teleportation.
  7190 | D:8      | 7190 ||| DRINKING 3 potions of heal wounds.
  7393 | D:8      | Found Saaraj's Antique Weapon Shoppe.
  7403 | D:8      | 7403 ||| BUYING arbalest (126 gold).
  7403 | D:8      | Bought an arbalest for 126 gold pieces
  7403 | D:8      | 7403 ||| SWAPPING to +0 arbalest.
  7404 | D:8      | 7404 ||| DROPPING +0 orcbow.
  7417 | D:8      | 7417 ||| UPGRADING to +5 ring of evasion.
  7419 | D:8      | 7419 ||| UPGRADING to +6 ring of strength.
  7421 | D:8      | 7421 ||| READING 2 scrolls labelled JOAPSA NAYDWO.
  7422 | D:8      | 7422 ||| DROPPING scroll of summoning.
  7453 | D:9      | Noticed a two-headed ogre
  7454 | D:9      | 7454 ||| RETREEEEATING.
  7456 | D:9      | 7456 ||| RETREEEEATING.
  7457 | D:9      | 7457 ||| RETREEEEATING.
  7461 | D:9      | Reached *** piety under Okawaru
  7468 | D:9      | HP: 18/75 [orc warrior/+0 long sword (14)]
  7469 | D:9      | 7469 ||| READING 2 scrolls of teleportation.
  7469 | D:9      | HP: 7/75 [orc warrior/+0 hand axe (8)]
  7470 | D:9      | 7470 ||| DRINKING 2 potions of heal wounds.
  7471 | D:9      | 7471 ||| DRINKING potion of heal wounds.
  7471 | D:9      | Found a bloodstained altar of Trog.
  7471 | D:9      | Noticed a moth of wrath
  7487 | D:9      | Noticed a two-headed ogre
  7497 | D:9      | Killed a two-headed ogre
  7497 | D:9      | Reached **** piety under Okawaru
  7689 | D:9      | Noticed a two-headed ogre
  7698 | D:9      | Killed a two-headed ogre
  7699 | D:9      | Reached XP level 11. HP: 52/79 MP: 0/0
  7699 | D:9      | Learned a level 4 spell: Ignite Poison
  7763 | D:9      | Noticed a two-headed ogre
  7764 | D:9      | 7764 ||| ZAPPING wand of quicksilver (12) at -2,-6
                  | (two-headed ogre; floor).
  7765 | D:9      | 7765 ||| ZAPPING wand of quicksilver (11) at -1,-5
                  | (two-headed ogre; floor).
  7766 | D:9      | 7766 ||| ZAPPING wand of quicksilver (10) at 0,-4
                  | (two-headed ogre; floor).
  7767 | D:9      | 7767 ||| ZAPPING wand of quicksilver (9) at -1,-3
                  | (two-headed ogre; floor).
  7768 | D:9      | 7768 ||| ZAPPING wand of quicksilver (8) at -1,-2
                  | (two-headed ogre; floor).
  7768 | D:9      | Killed a two-headed ogre
  7768 | D:9      | Reached ***** piety under Okawaru
  7769 | D:9      | Received a gift from Okawaru
  7770 | D:9      | Reached skill level 6 in Invocations
  7819 | D:9      | Reached skill level 10 in Ranged Weapons
  7935 | D:9      | 7935 ||| READING scroll of enchant weapon.
  7935 | D:9      | 7935 ||| ENCHANTING +0 arbalest.
  7937 | D:9      | 7937 ||| ZAPPING wand of quicksilver (7) at 6,5 (two-headed
                  | ogre; floor).
  7938 | D:9      | 7938 ||| ZAPPING wand of quicksilver (6) at 5,5 (two-headed
                  | ogre; floor).
  7939 | D:9      | 7939 ||| ZAPPING wand of quicksilver (5) at 4,4 (two-headed
                  | ogre; floor).
  7940 | D:9      | 7940 ||| ZAPPING wand of quicksilver (4) at 3,3 (two-headed
                  | ogre; floor).
  7941 | D:9      | 7941 ||| ZAPPING wand of quicksilver (3) at 2,2 (two-headed
                  | ogre; floor).
  7941 | D:9      | Killed a two-headed ogre
  8079 | D:9      | Identified the -1 kite shield of the Desert {+Blink}
  8134 | D:9      | 8134 ||| DRINKING potion of mutation.
  8134 | D:9      | Lost mutation: You are partially covered in large bone
                  | plates. (SH +4) [potion of mutation]
  8134 | D:9      | Lost mutation: Potions are less effective at restoring your
                  | health. [potion of mutation]
  8134 | D:9      | Lost mutation: Your muscles are strong. (Str +4, Int/Dex
                  | -1) [potion of mutation]
  8134 | D:9      | Gained mutation: Your mind is acute. (Int +4, Str/Dex -1)
                  | [potion of mutation]
  8134 | D:9      | Gained mutation: Your spells are a little harder to cast,
                  | but a little more powerful. [potion of mutation]
  8134 | D:9      | Gained mutation: You are partially covered in iridescent
                  | scales. (AC +2) [potion of mutation]
  8134 | D:9      | Gained mutation: You are partially covered in large bone
                  | plates. (SH +4) [potion of mutation]
  8367 | D:9      | Found a blossoming altar of Fedhas.
  8478 | D:10     | Entered Level 10 of the Dungeon
  8499 | D:10     | 8499 ||| RETREEEEATING.
  8500 | D:10     | 8500 ||| RETREEEEATING.
  8501 | D:10     | 8501 ||| RETREEEEATING.
  8502 | D:10     | 8502 ||| RETREEEEATING.
  8503 | D:10     | 8503 ||| RETREEEEATING.
  8504 | D:10     | 8504 ||| RETREEEEATING.
  8505 | D:10     | 8505 ||| RETREEEEATING.
  8506 | D:10     | Noticed a two-headed ogre
  8507 | D:10     | 8507 ||| ZAPPING wand of quicksilver (2) at -7,-5
                  | (two-headed ogre; floor).
  8508 | D:10     | 8508 ||| ZAPPING wand of quicksilver (1) at -6,-4
                  | (two-headed ogre; floor).
  8515 | D:10     | 8515 ||| RETREEEEATING.
  8516 | D:10     | 8516 ||| RETREEEEATING.
  8518 | D:10     | 8518 ||| RETREEEEATING.
  8519 | D:10     | 8519 ||| RETREEEEATING.
  8520 | D:10     | 8520 ||| RETREEEEATING.
  8522 | D:10     | Killed a two-headed ogre
  8523 | D:10     | Reached skill level 9 in Dodging
  8526 | D:10     | 8526 ||| RETREEEEATING.
  8532 | D:10     | Received a gift from Okawaru
  8547 | D:10     | Noticed a soul eater
  8552 | D:10     | Reached XP level 12. HP: 25/86 MP: 0/0
  8711 | D:10     | Found a staircase to the Lair.
  8716 | D:10     | 8716 ||| FLEEEEING.
  8717 | D:10     | 8717 ||| FLEEEEING.
  8763 | D:10     | 8763 ||| DRINKING potion of mutation.
  8763 | D:10     | Lost mutation: You are partially covered in large bone
                  | plates. (SH +4) [potion of mutation]
  8763 | D:10     | Lost mutation: Your spells are a little harder to cast, but
                  | a little more powerful. [potion of mutation]
  8763 | D:10     | Lost mutation: You are partially covered in iridescent
                  | scales. (AC +2) [potion of mutation]
  8763 | D:10     | Gained mutation: You have hidden genetic potential. [potion
                  | of mutation]
  8763 | D:10     | Gained mutation: You are frail. (-10% HP) [potion of
                  | mutation]
  8763 | D:10     | Gained mutation: You passively dampen the noise of your
                  | surroundings. [potion of mutation]
  8825 | D:10     | 8825 ||| RETREEEEATING.
  8827 | D:10     | 8827 ||| RETREEEEATING.
  8829 | D:10     | Reached skill level 9 in Invocations
  8830 | D:10     | 8830 ||| RETREEEEATING.
  8835 | D:10     | 8835 ||| RETREEEEATING.
  8836 | D:10     | 8836 ||| RETREEEEATING.
  8837 | D:10     | 8837 ||| RETREEEEATING.
  8838 | D:10     | 8838 ||| RETREEEEATING.
  8928 | D:10     | Found an ornate altar of the Wu Jian Council.
  8932 | D:10     | Found a glowing silver altar of Zin.
  9195 | D:10     | 9195 ||| READING scroll of identify.
  9195 | D:10     | 9195 ||| IDENTIFYING cyan potion
  9196 | D:10     | 9196 ||| READING scroll labelled FEDUBO WORE.
  9197 | D:10     | 9197 ||| DROPPING potion of lignification.
  9227 | D:11     | You are sucked into a shaft and drop 1 floor!
  9235 | D:12     | Received a gift from Okawaru
  9294 | D:12     | 9294 ||| RETREEEEATING.
  9299 | D:12     | 9299 ||| RETREEEEATING.
  9301 | D:12     | 9301 ||| RETREEEEATING.
  9302 | D:12     | 9302 ||| RETREEEEATING.
  9303 | D:12     | 9303 ||| RETREEEEATING.
  9353 | D:12     | Reached skill level 11 in Ranged Weapons
  9377 | D:12     | Noticed Jorgrun
  9400 | D:12     | HP: 14/77 [Jorgrun/+0 heavy quarterstaff (15)]
  9401 | D:12     | 9401 ||| READING 3 scrolls of teleportation.
  9401 | D:12     | Killed from afar by Jorgrun

Levels and vault maps discovered:
D:1:      wheals_arrival_linesprint, layout_loops_ring,
          minmay_misc_feat_ornament, serial_bayou_lagoon_b
D:2:      layout_basic, serial_shops, nicolae_shop_behind_doors,
          hellmonk_ecumenical_altar_inner_sanctum, uniq_robin
D:3:      layout_loops_corners
D:4:      layout_loops_corners
D:5:      layout_basic, mainiacjoe_overflow_alcove_2, amcnicky_mini_pool_small,
          uniq_menkaure
D:6:      layout_basic, mainiacjoe_overflow_brackets, minitemple,
          minmay_temple_entry_statues_pillars, serial_aquarium,
          aquarium_bridge_island_small [aquarium_subvault_small_water,
          aquarium_subvault_wall, aquarium_subvault_bridge,
          aquarium_subvault_wall, aquarium_subvault_balcony],
          aquarium_bridge_long_joined [aquarium_subvault_wall,
          aquarium_subvault_bridge, aquarium_subvault_bridge,
          aquarium_subvault_bridge, aquarium_subvault_balcony,
          aquarium_subvault_bridge], aquarium_window_corner,
          aquarium_window_corner, aquarium_window_fake, aquarium_view_2e,
          aquarium_view_2c, serial_shops, nicolae_shop_hallway_stairs,
          grunt_decor_one_mirror, uniq_grinder, uniq_blork_the_orc,
          uniq_prince_ribbit1
D:7:      mumra_celtic_spiral_tile, layout_basic, lemuel_crystal_altar,
          uniq_maurice
D:8:      layout_gridville, serial_shops, shop, minmay_misc_feat_doors,
          st_stairs_14
D:9:      minmay_s_stair_smasher, layout_long_grid, tgw_trog, fedhas_altar_1,
          mainiacjoe_overflow_surrounded_room
D:10:     layout_rooms, nicolae_overflow_hidden_temple, erik_lair_island,
          grunt_decor_junction, hangedman_abyss_or_decor_passed,
          minmay_alternating_orb
D:11:     layout_basic, nicolae_twisting_strands, interstate_on_off,
          hangedman_abyss_or_decor_slice
D:12:     layout_cave_pools, orc_david_3, serial_shops, shop,
          nicolae_shop_just_a_little_nook, dreamdust_wasp_nest, uniq_jorgrun
Temple:   nicolae_temple_two_arcs

Skill      XL: |  1  2  3  4  5  6  7  8  9 10 11 12 |
---------------+-------------------------------------+-----
Ranged Weapons | 4 5 6 7 8 9 10 11 | 11.0
Fighting       | 3 4 5 6 7 8 |  8.0
Dodging        | 3 5 6 8 9 |  9.2
Armour         | 1 2 3 |  3.0
Invocations    | 3 5 8 9 |  9.8
Stealth        | |  0.7

Action                     |  1- 3 |  4- 6 |  7- 9 | 10-12 || total
---------------------------+-------+-------+-------+-------++-------
   Fire: Shortbow          |   106 |   155 |   190 |    34 ||   485
         Orcbow            |       |       |       |   123 ||   123
         Arbalest          |       |       |       |   430 ||   430
  Evoke: Wand              |       |     4 |    12 |    13 ||    29
    Use: Scroll            |     3 |     8 |     3 |     8 ||    22
         Potion            |       |     5 |     3 |     8 ||    16
 Armour: Leather armour    |    34 |     5 |       |       ||    39
         Ring mail         |       |    34 |    57 |    14 ||   105
         Troll leather arm |       |       |       |   263 ||   263
  Dodge: Dodged            |    56 |    37 |    87 |   592 ||   772
  Block: Other             |       |     3 |    25 |   103 ||   131

Table legend:
 A = Non-vault XP
 B = Vault XP
 C = Vault XP percentage of total XP
 D = Non-vault monster count
 E = Vault monster count
 F = Vault count percentage of total count
                 A         B        C        D         E       F
            +---------+---------+-------+---------+---------+-------
      Total |   11844 |    9481 |  44.5 |     207 |      61 |  22.8
            +---------+---------+-------+---------+---------+-------
        D:1 |      36 |       2 |   5.3 |      23 |       1 |   4.2
        D:2 |      60 |      27 |  31.0 |      12 |       7 |  36.8
        D:3 |      32 |       0 |   0.0 |      13 |       0 |   0.0
        D:4 |     108 |       0 |   0.0 |      15 |       0 |   0.0
        D:5 |     269 |     172 |  39.0 |      10 |       1 |   9.1
        D:6 |     928 |     655 |  41.4 |      18 |       3 |  14.3
        D:7 |    1906 |     494 |  20.6 |      35 |       1 |   2.8
        D:8 |    1018 |     115 |  10.2 |      20 |       1 |   4.8
        D:9 |    4631 |    2717 |  37.0 |      39 |      21 |  35.0
       D:10 |    2424 |    3906 |  61.7 |      20 |      21 |  51.2
       D:12 |     432 |    1393 |  76.3 |       2 |       5 |  71.4
            +---------+---------+-------+---------+---------+-------
